 Dungeon Crawl Stone Soup version 0.30-a0-166-g5d06c95188 (webtiles) character file.

Game seed: 17744789202081305397

40278 qw the Cleaver (level 14, -2/90 HPs)
             Began as a Gargoyle Fighter on Sept 28, 2022.
             Was a High Priest of Okawaru.
             Splashed by a goliath frog's acid (10 damage)
             ... on level 5 of the Lair of Beasts.
             The game lasted 00:06:34 (17207 turns).

qw the Cleaver (Gargoyle Fighter)                  Turns: 17207, Time: 00:06:35

Health: -2/90      AC: 32    Str: 24    XL:     14   Next: 10%
Magic:  21/21      EV: 10    Int: 10    God:    Okawaru [*****.]
Gold:   709        SH: 12    Dex: 14    Spells: 13/13 levels left

rFire   + . .      SeeInvis .    j - +11 war axe of Moral Flaws {vorpal, Dex+5}
rCold   + . .      Faith    .    c - +0 buckler
rNeg    + . .      Spirit   .    p - +0 plate armour
rPois   inf        Reflect  +    k - +0 helmet
rElec   +          Harm     .    o - +0 cloak
rCorr   .          Rampage  .    (no gloves)
Will    +....                    g - +0 pair of boots
Stlth   ..........               q - amulet of reflection
HPRegen 0.25/turn                w - ring of protection from cold
MPRegen 0.17/turn                i - ring of protection from fire

@: about to teleport, heroic, flying
A: sickness immunity, AC +10, big wings, negative energy resistance 1,
electricity resistance, torment resistance 1, petrification resistance
a: Renounce Religion, Heroism, Finesse, Duel


You were on level 5 of the Lair of Beasts.
You worshipped Okawaru.
Okawaru was extremely pleased with you.
You visited 3 branches of the dungeon, and saw 14 of its levels.

You collected 709 gold pieces.


Innate Abilities, Weirdness & Mutations

You are immune to sickness and miasma.
Your stone body is resilient. (AC +10)
You are immune to poison.
Your large and strong wings let you fly.
You resist negative energy. (rN+)
You are resistant to electric shocks. (rElec)
You are resistant to unholy torment.
You are immune to petrification.


   Skills:
 - Level 11.0(16.0) Fighting
 + Level 14.5(19.5) Axes
 - Level 5.9(10.9) Throwing
 - Level 10.1(15.1) Armour
 - Level 3.0(8.0) Dodging
 - Level 7.0(12.0) Shields
 - Level 10.0 Invocations


You had 13 spell levels left.
You didn't know any spells.
Your spell library was empty.

Inventory:

Hand Weapons
 j - the +11 war axe of Moral Flaws (weapon) {vorpal, Dex+5}
   (Okawaru gifted it to you on level 3 of the Lair of Beasts)

   It inflicts extra damage upon your enemies.
   Dex:       It affects your dexterity (+5).
 l - a +0 demon whip of venom
Armour
 c - a +0 buckler (worn)
 g - a +0 pair of boots (worn)
 k - a +0 helmet (worn)
 o - a +0 cloak (worn)
 p - a +0 plate armour (worn)
Jewellery
 e - a ring of willpower
 i - a ring of protection from fire (right hand)
 q - an amulet of reflection (around neck)
 s - a ring of protection from fire
 w - a ring of protection from cold (left hand)
Scrolls
 r - 3 scrolls of teleportation
 t - 5 scrolls of identify
 v - a scroll of enchant weapon
Potions
 a - 6 potions of attraction
 b - a potion of haste
 d - 2 potions of might
 f - 2 potions of cancellation
 h - 4 potions of curing
 m - a potion of resistance

Dungeon Overview and Level Annotations

Branches:
Dungeon (8/15)             Temple (1/1) D:5            Lair (5/5) D:8
  Swamp (0/4) Lair:3       Spider (0/4) Lair:3        Slime (0/5) Lair:4

Altars:
Ashenzari
Cheibriados
Dithmenos
Elyvilon
Gozag
Kikubaaqudgha
Makhleb
Nemelex Xobeh
Okawaru
Qazlal
Ru
Sif Muna
Trog
Uskayaw
Vehumet
Wu Jian
Xom
Yredelemnul
Zin
The Shining One
Jiyva

Annotations:
D:5 1 runed translucent door


Message History

You slice the cane toad!! The cane toad stings you!
You block the goliath frog's attack.
You slash the cane toad!
You kill the cane toad!
Okawaru accepts your kill.
You slash the cane toad! You block the cane toad's attack.
The goliath frog hits you but does no damage.
You slash the cane toad!
The cane toad is almost dead.
The cane toad barely misses you.
You barely miss the cane toad.
The cane toad is almost dead.
You slash the blink frog!
The blink frog blinks!
The goliath frog hits you from afar!
You are splashed with acid!
The blink frog blinks!
The cane toad stings you but does no damage.
17205 ||| READING 4 scrolls of teleportation.
As you read the scroll of teleportation, it crumbles to dust.
You feel strangely unstable. You block the goliath frog's attack.
You block the blink frog's attack.
The cane toad stings you but does no damage.
The blink frog barely misses you.
17206 ||| DRINKING potion of heal wounds.
You feel much better.
The blink frog blinks!
The goliath frog hits you but does no damage.
You block the blink frog's attack. The komodo dragon bites you!
The blink frog blinks!
The cane toad stings you. The blink frog barely misses you.
The blink frog blinks!
The goliath frog hits you but does no damage.
You slash the cane toad!
You kill the cane toad!
Okawaru accepts your kill.
You slash the blink frog! You barely miss the blink frog.
You slash the cane toad! You slash the komodo dragon!
The blink frog blinks!
You block the blink frog's attack. You block the komodo dragon's attack.
The cane toad closely misses you. The goliath frog hits you from afar!
You are splashed with acid!
You die...

##~.~~.%%###.^......
#.~~~P.%####........
#.~~~..~~#.%%.......
##~~~~.~~##......####
#~~~~~¤.~~.....P##
#.~~~~~~.......##
#~~~~%~.~....###
#~FFF¤~.~....#
#~Fl@#~~.~.###
#~FF##%~...# ?F~~¤##
##~..## ()~~~ ~~...#
$~~.~ ~P..## (~.~
~~..# ~ ~~P~~. ...P#
...##


You could see a komodo dragon, a goliath frog, a cane toad, 4 blink frogs and a
bullfrog.

Vanquished Creatures
  Kirke (Lair:3)
  3 hydras (Lair:3)
  Amaemon (Lair:3)
  2 bog bodies (Lair:3)
  13 elephants
  A torpor snail (Lair:4)
  2 black mambas
  An orange demon (Lair:3)
  23 cane toads
  11 komodo dragons
  3 rime drakes
  A troll (D:8)
  A queen bee (Lair:3)
  A tyrant leech (Lair:5)
  4 slime creatures (Lair:4)
  11 blink frogs
  7 dream sheep (Lair:3)
  A wyvern (Lair:4)
  35 yaks
  6 hogs (Lair:3)
  2 basilisks
  3 redbacks (Lair:3)
  A steam dragon (D:6)
  5 vampire mosquitoes (Lair:5)
  12 water moccasins
  An orc warrior (D:8)
  A sky beast (D:8)
  2 black bears
  5 ogres
  15 wolves
  4 centaurs
  A phantom (D:5)
  3 gnoll sergeants
  A kobold brigand (D:7)
  16 bullfrogs
  3 scorpions
  13 wights
  24 killer bees (Lair:3)
  A howler monkey (D:8)
  7 electric eels
  2 lava snakes (Lair:1)
  6 hounds
  7 orc priests
  11 iguanas
  9 orc wizards
  A mummy (D:6)
  Robin (D:3)
  21 gnolls
  7 adders
  A shadow imp (D:8)
  2 white imps
  2 ufetubi (D:4)
  A worm (D:5)
  7 dart slugs
  27 orcs
  6 bats
  4 endoplasms
  5 giant cockroaches
  20 goblins
  8 hobgoblins
  8 jackals
  3 quokkas
  8 ball pythons
  A frilled lizard (D:1)
  12 kobolds
  2 rats
430 creatures vanquished.

Vanquished Creatures (others)
  A bush (Lair:3)
  30 fungi
  107 plants
138 creatures vanquished.

Grand Total: 568 creatures vanquished

Notes
Turn   | Place    | Note
-------+----------+-------------------------------------------
     0 | D:1      | qw the Gargoyle Fighter began the quest for the Orb.
     0 | D:1      | Reached XP level 1. HP: 14/14 MP: 1/1
     0 | D:1      | 0 ||| qw: Version: 0.2-a-12-gaebbb33
     0 | D:1      | 0 ||| qw: Game counter: 1008
     0 | D:1      | 0 ||| qw: Always use a shield: true
     0 | D:1      | 0 ||| qw: God list: Okawaru
     0 | D:1      | 0 ||| qw: Allow faded altars: false
     0 | D:1      | 0 ||| qw: Do Orc after D:15 true
     0 | D:1      | 0 ||| qw: Do second Lair branch before Depths: true
     0 | D:1      | 0 ||| qw: Lair rune preference: random
     0 | D:1      | 0 ||| qw: Plans: Normal, Zot:1-4, God:TSO, Crypt, Tomb,
                  | Pan, Slime:5, Hells, Abyss, Orb
     0 | D:1      | 0 ||| PLANNING D:1-11
    27 | D:1      | Found a faded altar of an unknown god.
    71 | D:1      | Reached skill level 2 in Axes
   106 | D:1      | 106 ||| Stepping ~*~*~tactically~*~*~ (hiding).
   291 | D:1      | Reached XP level 2. HP: 18/19 MP: 2/2
   409 | D:1      | 409 ||| Stepping ~*~*~tactically~*~*~ (stealth).
   415 | D:1      | 415 ||| Stepping ~*~*~tactically~*~*~ (stealth).
   416 | D:1      | 416 ||| Stepping ~*~*~tactically~*~*~ (stealth).
   417 | D:1      | 417 ||| Stepping ~*~*~tactically~*~*~ (stealth).
   477 | D:1      | 477 ||| Stepping ~*~*~tactically~*~*~ (stealth).
   494 | D:1      | 494 ||| Stepping ~*~*~tactically~*~*~ (stealth).
   812 | D:1      | Reached skill level 3 in Axes
   838 | D:1      | Reached XP level 3. HP: 23/23 MP: 3/3
  1110 | D:1      | 1110 ||| UPGRADING to +0 pair of boots.
  1115 | D:1      | 1115 ||| UPGRADING to ring of willpower.
  1116 | D:1      | 1116 ||| READING scroll labelled OKIPHODOTHRI.
  1117 | D:1      | 1117 ||| READING scroll labelled DEACOTUECS.
  1118 | D:1      | 1118 ||| READING scroll labelled LIZ YSIUCEARGH.
  1119 | D:1      | 1119 ||| READING scroll labelled COUSKYEHOUG.
  1273 | D:2      | 1273 ||| FLEEEEING.
  1327 | D:2      | 1327 ||| Stepping ~*~*~tactically~*~*~ (hiding).
  1333 | D:2      | 1333 ||| Stepping ~*~*~tactically~*~*~ (stealth).
  1335 | D:2      | 1335 ||| Stepping ~*~*~tactically~*~*~ (stealth).
  1338 | D:2      | 1338 ||| Stepping ~*~*~tactically~*~*~ (hiding).
  1339 | D:2      | 1339 ||| Stepping ~*~*~tactically~*~*~ (hiding).
  1405 | D:2      | Reached XP level 4. HP: 28/28 MP: 4/4
  1406 | D:2      | Reached skill level 4 in Axes
  1461 | D:2      | 1461 ||| Stepping ~*~*~tactically~*~*~ (stealth).
  1468 | D:2      | 1468 ||| Stepping ~*~*~tactically~*~*~ (stealth).
  1626 | D:2      | 1626 ||| Stepping ~*~*~tactically~*~*~ (hiding).
  1763 | D:2      | 1763 ||| Stepping ~*~*~tactically~*~*~ (stealth).
  1769 | D:2      | 1769 ||| Stepping ~*~*~tactically~*~*~ (hiding).
  2227 | D:2      | 2227 ||| UPGRADING to +0 helmet.
  2232 | D:2      | 2232 ||| UPGRADING to amulet of the acrobat.
  2237 | D:2      | 2237 ||| UPGRADING to ring of protection from fire.
  2238 | D:2      | 2238 ||| READING scroll labelled TAMPOYRGH BOSSI.
  2239 | D:2      | 2239 ||| READING scroll labelled ALOCABR RIROTH.
  2240 | D:2      | 2240 ||| DRINKING 2 sedimented orange potions.
  2241 | D:2      | 2241 ||| DROPPING potion of brilliance.
  2306 | D:3      | 2306 ||| Stepping ~*~*~tactically~*~*~ (stealth).
  2310 | D:3      | 2310 ||| Stepping ~*~*~tactically~*~*~ (stealth).
  2312 | D:3      | 2312 ||| Stepping ~*~*~tactically~*~*~ (stealth).
  2314 | D:3      | 2314 ||| Stepping ~*~*~tactically~*~*~ (stealth).
  2318 | D:3      | 2318 ||| Stepping ~*~*~tactically~*~*~ (hiding).
  2320 | D:3      | 2320 ||| Stepping ~*~*~tactically~*~*~ (hiding).
  2324 | D:3      | 2324 ||| Stepping ~*~*~tactically~*~*~ (hiding).
  2325 | D:3      | 2325 ||| Stepping ~*~*~tactically~*~*~ (hiding).
  2333 | D:3      | Reached XP level 5. HP: 18/32 MP: 5/5
  2504 | D:3      | 2504 ||| Stepping ~*~*~tactically~*~*~ (hiding).
  2731 | D:3      | Reached skill level 1 in Throwing
  3056 | D:3      | Reached skill level 5 in Axes
  3077 | D:3      | Noticed Robin
  3078 | D:3      | 3078 ||| Stepping ~*~*~tactically~*~*~ (stealth).
  3092 | D:3      | 3092 ||| Stepping ~*~*~tactically~*~*~ (stealth).
  3121 | D:3      | Killed Robin
  3324 | D:3      | 3324 ||| UPGRADING to +0 chain mail.
  3334 | D:3      | 3334 ||| DROPPING +0 scale mail.
  3335 | D:3      | 3335 ||| READING scroll labelled OLICENLYICK.
  3336 | D:3      | 3336 ||| READING scroll labelled FUIXTI TUCSEDU.
  3435 | D:4      | 3435 ||| Stepping ~*~*~tactically~*~*~ (stealth).
  3437 | D:4      | 3437 ||| Stepping ~*~*~tactically~*~*~ (stealth).
  3531 | D:4      | 3531 ||| Stepping ~*~*~tactically~*~*~ (hiding).
  3543 | D:4      | Reached XP level 6. HP: 38/38 MP: 6/6
  3543 | D:4      | 3543 ||| Stepping ~*~*~tactically~*~*~ (hiding).
  3565 | D:4      | 3565 ||| Stepping ~*~*~tactically~*~*~ (stealth).
  3581 | D:4      | 3581 ||| Stepping ~*~*~tactically~*~*~ (stealth).
  3596 | D:4      | 3596 ||| DROPPING +0 whip.
  4386 | D:4      | Noticed a black bear
  4400 | D:4      | Killed a black bear
  4401 | D:4      | Reached skill level 6 in Axes
  4401 | D:4      | Reached XP level 7. HP: 16/43 MP: 7/7
  4698 | D:4      | 4698 ||| DROPPING +2 whip of electrocution.
  4810 | D:4      | 4810 ||| Stepping ~*~*~tactically~*~*~ (stealth).
  4939 | D:4      | 4939 ||| UPGRADING to +0 cloak.
  4944 | D:4      | 4944 ||| UPGRADING to +0 plate armour.
  4954 | D:4      | 4954 ||| DROPPING +0 chain mail.
  4955 | D:4      | 4955 ||| DROPPING +6 ring of intelligence.
  4956 | D:4      | 4956 ||| READING scroll labelled ZARCHU QAXEN.
  4957 | D:4      | 4957 ||| DRINKING 2 red potions.
  4958 | D:4      | 4958 ||| DRINKING 2 bubbling sapphire potions.
  4959 | D:4      | 4959 ||| DRINKING 2 metallic red potions.
  4960 | D:4      | 4960 ||| READING 2 scrolls of identify.
  4960 | D:4      | 4960 ||| IDENTIFYING bubbling blue potion
  4961 | D:4      | 4961 ||| DROPPING potion of flight.
  4979 | D:5      | Entered Level 5 of the Dungeon
  5164 | D:5      | 5164 ||| Stepping ~*~*~tactically~*~*~ (hiding).
  5279 | D:5      | 5279 ||| Stepping ~*~*~tactically~*~*~ (stealth).
  5322 | D:5      | Found a shimmering blue altar of Sif Muna.
  5565 | D:5      | Reached skill level 7 in Axes
  5565 | D:5      | Reached XP level 8. HP: 24/48 MP: 8/8
  5778 | D:5      | Found a staircase to the Ecumenical Temple.
  5780 | D:5      | 5780 ||| PLANNING TEMPLE
  5780 | D:5      | 5780 ||| READING scroll labelled JOWKAK ALILE.
  5883 | D:5      | 5883 ||| FLEEEEING.
  5887 | D:5      | 5887 ||| FLEEEEING.
  5888 | D:5      | 5888 ||| FLEEEEING.
  5889 | D:5      | 5889 ||| FLEEEEING.
  5890 | D:5      | 5890 ||| STAIRDANCE
  5897 | D:5      | 5897 ||| STAIRDANCE
  5914 | Temple   | Entered the Ecumenical Temple
  5915 | Temple   | 5915 ||| PLANNING OKAWARU WORSHIP
  6068 | Temple   | Became a worshipper of Warmaster Okawaru
  6069 | Temple   | 6069 ||| PLANNING D:1-11
  6091 | D:5      | Reached skill level 1 in Dodging
  6109 | D:5      | Found a runed translucent door.
  6111 | D:5      | Found a basalt altar of Yredelemnul.
  6409 | D:5      | 6409 ||| Stepping ~*~*~tactically~*~*~ (stealth).
  6410 | D:5      | 6410 ||| Stepping ~*~*~tactically~*~*~ (stealth).
  6652 | D:5      | 6652 ||| READING 2 scrolls of identify.
  6652 | D:5      | 6652 ||| IDENTIFYING fizzy inky potion
  6690 | D:6      | Found a stormy altar of Qazlal.
  6808 | D:6      | Found a snail-covered altar of Cheibriados.
  6857 | D:6      | 6857 ||| Stepping ~*~*~tactically~*~*~ (hiding).
  6866 | D:6      | Reached skill level 8 in Axes
  6924 | D:6      | 6924 ||| Stepping ~*~*~tactically~*~*~ (hiding).
  6931 | D:6      | Reached skill level 6 in Fighting
  7034 | D:6      | 7034 ||| Stepping ~*~*~tactically~*~*~ (hiding).
  7035 | D:6      | 7035 ||| Stepping ~*~*~tactically~*~*~ (hiding).
  7047 | D:6      | Reached * piety under Okawaru
  7048 | D:6      | Reached skill level 6 in Armour
  7048 | D:6      | Reached XP level 9. HP: 46/55 MP: 9/9
  7205 | D:6      | 7205 ||| Stepping ~*~*~tactically~*~*~ (hiding).
  7380 | D:6      | Reached skill level 1 in Invocations
  7408 | D:6      | 7408 ||| INVOKING Heroism.
  7532 | D:6      | 7532 ||| INVOKING Heroism.
  7616 | D:6      | Found a sparkling altar of Nemelex Xobeh.
  7675 | D:6      | 7675 ||| READING scroll labelled KAB BEOTUFER.
  7676 | D:6      | 7676 ||| READING scroll labelled SUFRUZOKKOY.
  7677 | D:6      | 7677 ||| READING 2 scrolls of identify.
  7677 | D:6      | 7677 ||| IDENTIFYING ruby potion
  7678 | D:6      | 7678 ||| DROPPING potion of degeneration.
  7720 | D:7      | 7720 ||| INVOKING Heroism.
  7730 | D:7      | Reached skill level 3 in Invocations
  7738 | D:7      | 7738 ||| INVOKING Heroism.
  7871 | D:7      | 7871 ||| Stepping ~*~*~tactically~*~*~ (stealth).
  7875 | D:7      | 7875 ||| INVOKING Heroism.
  8001 | D:7      | 8001 ||| INVOKING Heroism.
  8003 | D:7      | Reached skill level 9 in Axes
  8162 | D:7      | 8162 ||| DROPPING +0 flail.
  8598 | D:7      | 8598 ||| INVOKING Heroism.
  9061 | D:7      | 9061 ||| READING scroll labelled CACHUWNAYNOE.
  9062 | D:7      | 9062 ||| READING 3 scrolls of identify.
  9062 | D:7      | 9062 ||| IDENTIFYING black potion
  9063 | D:7      | 9063 ||| READING 2 scrolls of identify.
  9063 | D:7      | 9063 ||| IDENTIFYING fuming green potion
  9064 | D:7      | 9064 ||| DROPPING potion of invisibility.
  9096 | D:8      | 9096 ||| INVOKING Heroism.
  9100 | D:8      | Noticed a troll
  9102 | D:8      | Found a staircase to the Lair.
  9108 | D:8      | Reached ** piety under Okawaru
  9111 | D:8      | Killed a troll
  9112 | D:8      | 9112 ||| INVOKING Heroism.
  9114 | D:8      | Reached XP level 10. HP: 35/63 MP: 10/13
  9367 | D:8      | Reached skill level 10 in Axes
  9406 | D:8      | 9406 ||| SWAPPING to +4 war axe.
  9433 | D:8      | 9433 ||| DROPPING +1 war axe of venom.
  9551 | D:8      | 9551 ||| Stepping ~*~*~tactically~*~*~ (hiding).
  9552 | D:8      | 9552 ||| Stepping ~*~*~tactically~*~*~ (hiding).
  9553 | D:8      | 9553 ||| Stepping ~*~*~tactically~*~*~ (hiding).
  9686 | D:8      | 9686 ||| FLEEEEING.
  9687 | D:8      | 9687 ||| FLEEEEING.
  9688 | D:8      | 9688 ||| FLEEEEING.
  9689 | D:8      | 9689 ||| FLEEEEING.
  9690 | D:8      | 9690 ||| FLEEEEING.
  9691 | D:8      | 9691 ||| FLEEEEING.
  9692 | D:8      | 9692 ||| FLEEEEING.
  9693 | D:8      | 9693 ||| FLEEEEING.
  9694 | D:8      | 9694 ||| FLEEEEING.
  9695 | D:8      | 9695 ||| FLEEEEING.
  9696 | D:8      | 9696 ||| FLEEEEING.
  9697 | D:8      | 9697 ||| FLEEEEING.
  9698 | D:8      | 9698 ||| FLEEEEING.
  9699 | D:8      | 9699 ||| FLEEEEING.
  9700 | D:8      | 9700 ||| FLEEEEING.
  9701 | D:8      | 9701 ||| FLEEEEING.
  9702 | D:8      | 9702 ||| FLEEEEING.
  9703 | D:8      | 9703 ||| FLEEEEING.
  9704 | D:8      | 9704 ||| FLEEEEING.
  9705 | D:8      | 9705 ||| FLEEEEING.
  9706 | D:8      | 9706 ||| FLEEEEING.
  9707 | D:8      | 9707 ||| FLEEEEING.
  9708 | D:8      | 9708 ||| FLEEEEING.
  9709 | D:8      | 9709 ||| FLEEEEING.
  9710 | D:8      | 9710 ||| FLEEEEING.
  9711 | D:8      | 9711 ||| FLEEEEING.
  9712 | D:8      | 9712 ||| FLEEEEING.
  9713 | D:8      | 9713 ||| FLEEEEING.
  9715 | D:8      | 9715 ||| FLEEEEING.
  9716 | D:8      | 9716 ||| FLEEEEING.
  9717 | D:8      | 9717 ||| FLEEEEING.
  9718 | D:8      | 9718 ||| STAIRDANCE
  9744 | D:7      | 9744 ||| Stepping ~*~*~tactically~*~*~ (stealth).
  9761 | D:7      | 9761 ||| UPGRADING to amulet of reflection.
  9771 | D:7      | 9771 ||| UPGRADING to amulet of reflection.
  9783 | D:7      | 9783 ||| UPGRADING to amulet of the acrobat.
  9788 | D:7      | 9788 ||| UPGRADING to amulet of reflection.
  9798 | D:7      | 9798 ||| DROPPING amulet of the acrobat.
  9799 | D:7      | 9799 ||| DROPPING ring of wizardry.
  9800 | D:7      | 9800 ||| UPGRADING to ring of protection from cold.
  9802 | D:7      | 9802 ||| READING scroll labelled DOSULO MORO.
  9867 | D:7      | 9867 ||| READING 5 scrolls of identify.
  9867 | D:7      | 9867 ||| IDENTIFYING murky white potion
  9868 | D:7      | 9868 ||| DROPPING potion of berserk rage.
  9873 | D:8      | 9873 ||| STAIRDANCE
  9996 | D:8      | 9996 ||| INVOKING Heroism.
 10317 | D:8      | 10317 ||| Stepping ~*~*~tactically~*~*~ (stealth).
 10318 | D:8      | 10318 ||| Stepping ~*~*~tactically~*~*~ (stealth).
 10330 | D:8      | 10330 ||| INVOKING Heroism.
 10474 | D:8      | Found an opulent altar of Gozag.
 10604 | D:8      | 10604 ||| PLANNING LAIR
 10643 | Lair:1   | Entered Level 1 of the Lair of Beasts
 10645 | Lair:1   | Noticed an elephant
 10645 | Lair:1   | Noticed an elephant
 10646 | Lair:1   | Noticed an elephant
 10648 | Lair:1   | 10648 ||| Stepping ~*~*~tactically~*~*~ (water).
 10652 | Lair:1   | 10652 ||| Stepping ~*~*~tactically~*~*~ (water).
 10662 | Lair:1   | Killed an elephant
 10664 | Lair:1   | 10664 ||| INVOKING Heroism.
 10669 | Lair:1   | Killed an elephant
 10675 | Lair:1   | Killed an elephant
 10824 | Lair:1   | 10824 ||| INVOKING Heroism.
 10832 | Lair:1   | Reached *** piety under Okawaru
 10838 | Lair:1   | Reached skill level 11 in Axes
 10857 | Lair:1   | 10857 ||| Stepping ~*~*~tactically~*~*~ (stealth).
 10858 | Lair:1   | 10858 ||| INVOKING Heroism.
 11115 | Lair:1   | 11115 ||| INVOKING Heroism.
 11140 | Lair:1   | 11140 ||| INVOKING Heroism.
 11143 | Lair:1   | Reached XP level 11. HP: 55/68 MP: 11/14
 11372 | Lair:1   | 11372 ||| INVOKING Heroism.
 11383 | Lair:1   | Reached skill level 9 in Fighting
 11493 | Lair:1   | 11493 ||| INVOKING Heroism.
 11519 | Lair:1   | 11519 ||| Stepping ~*~*~tactically~*~*~ (stealth).
 11520 | Lair:1   | 11520 ||| Stepping ~*~*~tactically~*~*~ (stealth).
 11521 | Lair:1   | 11521 ||| Stepping ~*~*~tactically~*~*~ (stealth).
 11676 | Lair:1   | 11676 ||| INVOKING Heroism.
 11815 | Lair:1   | 11815 ||| INVOKING Heroism.
 11954 | Lair:1   | 11954 ||| INVOKING Heroism.
 11959 | Lair:1   | Reached **** piety under Okawaru
 12020 | Lair:1   | 12020 ||| INVOKING Heroism.
 12029 | Lair:1   | Received a gift from Okawaru
 12052 | Lair:1   | 12052 ||| Stepping ~*~*~tactically~*~*~ (hiding).
 12110 | Lair:1   | 12110 ||| Stepping ~*~*~tactically~*~*~ (stealth).
 12122 | Lair:1   | 12122 ||| INVOKING Heroism.
 12509 | Lair:2   | 12509 ||| INVOKING Heroism.
 12519 | Lair:2   | Reached skill level 12 in Axes
 12535 | Lair:2   | 12535 ||| INVOKING Heroism.
 12675 | Lair:2   | 12675 ||| INVOKING Heroism.
 12859 | Lair:2   | 12859 ||| INVOKING Heroism.
 12861 | Lair:2   | 12861 ||| Stepping ~*~*~tactically~*~*~ (stealth).
 12870 | Lair:2   | Reached skill level 6 in Invocations
 12875 | Lair:2   | 12875 ||| INVOKING Heroism.
 12882 | Lair:2   | Reached skill level 9 in Armour
 12900 | Lair:2   | 12900 ||| INVOKING Heroism.
 13125 | Lair:2   | 13125 ||| READING scroll of enchant weapon.
 13125 | Lair:2   | 13125 ||| ENCHANTING +4 war axe.
 13134 | Lair:2   | 13134 ||| INVOKING Heroism.
 13143 | Lair:2   | Reached XP level 12. HP: 76/76 MP: 15/17
 13158 | Lair:2   | Reached ***** piety under Okawaru
 13159 | Lair:2   | Reached skill level 6 in Shields
 13384 | Lair:2   | 13384 ||| INVOKING Heroism.
 13578 | Lair:2   | 13578 ||| INVOKING Heroism.
 13798 | Lair:2   | 13798 ||| READING 5 scrolls of identify.
 13798 | Lair:2   | 13798 ||| IDENTIFYING coppery potion
 13839 | Lair:3   | 13839 ||| INVOKING Heroism.
 14015 | Lair:3   | 14015 ||| Stepping ~*~*~tactically~*~*~ (stealth).
 14020 | Lair:3   | 14020 ||| INVOKING Heroism.
 14078 | Lair:3   | 14078 ||| Stepping ~*~*~tactically~*~*~ (stealth).
 14130 | Lair:3   | 14130 ||| Stepping ~*~*~tactically~*~*~ (stealth).
 14140 | Lair:3   | 14140 ||| INVOKING Heroism.
 14211 | Lair:3   | 14211 ||| Stepping ~*~*~tactically~*~*~ (stealth).
 14235 | Lair:3   | 14235 ||| Stepping ~*~*~tactically~*~*~ (stealth).
 14258 | Lair:3   | 14258 ||| Stepping ~*~*~tactically~*~*~ (stealth).
 14262 | Lair:3   | 14262 ||| INVOKING Heroism.
 14266 | Lair:3   | Reached skill level 9 in Invocations
 14272 | Lair:3   | 14272 ||| Stepping ~*~*~tactically~*~*~ (stealth).
 14482 | Lair:3   | Found a hole to the Spider Nest.
 14495 | Lair:3   | 14495 ||| Stepping ~*~*~tactically~*~*~ (stealth).
 14496 | Lair:3   | 14496 ||| Stepping ~*~*~tactically~*~*~ (stealth).
 14500 | Lair:3   | 14500 ||| Stepping ~*~*~tactically~*~*~ (stealth).
 14504 | Lair:3   | 14504 ||| INVOKING Heroism.
 14508 | Lair:3   | Received a gift from Okawaru
 14508 | Lair:3   | Noticed Kirke
 14509 | Lair:3   | 14509 ||| INVOKING Finesse.
 14515 | Lair:3   | Noticed a sphinx
 14537 | Lair:3   | 14537 ||| DRINKING 4 potions of curing.
 14537 | Lair:3   | 14537 ||| (to cure confusion)
 14546 | Lair:3   | Killed Kirke
 14547 | Lair:3   | Reached skill level 13 in Axes
 14766 | Lair:3   | 14766 ||| Stepping ~*~*~tactically~*~*~ (stealth).
 14772 | Lair:3   | 14772 ||| INVOKING Heroism.
 14793 | Lair:3   | 14793 ||| Stepping ~*~*~tactically~*~*~ (stealth).
 14804 | Lair:3   | 14804 ||| Stepping ~*~*~tactically~*~*~ (stealth).
 14828 | Lair:3   | Found a staircase to the Swamp.
 14829 | Lair:3   | 14829 ||| Stepping ~*~*~tactically~*~*~ (hiding).
 14839 | Lair:3   | Reached XP level 13. HP: 82/82 MP: 20/20
 14846 | Lair:3   | 14846 ||| Stepping ~*~*~tactically~*~*~ (hiding).
 14847 | Lair:3   | 14847 ||| INVOKING Heroism.
 14848 | Lair:3   | 14848 ||| SWAPPING to +3 morningstar.
 14849 | Lair:3   | 14849 ||| INVOKING Finesse.
 14857 | Lair:3   | 14857 ||| SWAPPING to +5 war axe.
 14863 | Lair:3   | Identified the +11 war axe of Moral Flaws {vorpal, Dex+5}
                  | (Okawaru gifted it to you on level 3 of the Lair of Beasts)
 14863 | Lair:3   | Received a gift from Okawaru
 15012 | Lair:3   | Noticed Amaemon
 15013 | Lair:3   | 15013 ||| FLEEEEING.
 15015 | Lair:3   | 15015 ||| FLEEEEING.
 15024 | Lair:3   | 15024 ||| INVOKING Heroism.
 15037 | Lair:3   | Killed Amaemon
 15075 | Lair:3   | 15075 ||| DROPPING +3 morningstar.
 15079 | Lair:3   | 15079 ||| SWAPPING to +11 war axe of Moral Flaws {vorpal,
                  | Dex+5}.
 15080 | Lair:3   | 15080 ||| DROPPING +5 war axe.
 15182 | Lair:3   | 15182 ||| Stepping ~*~*~tactically~*~*~ (stealth).
 15184 | Lair:3   | 15184 ||| INVOKING Heroism.
 15197 | Lair:3   | 15197 ||| Stepping ~*~*~tactically~*~*~ (stealth).
 15205 | Lair:3   | 15205 ||| Stepping ~*~*~tactically~*~*~ (hiding).
 15207 | Lair:3   | 15207 ||| Stepping ~*~*~tactically~*~*~ (hiding).
 15210 | Lair:3   | 15210 ||| INVOKING Finesse.
 15212 | Lair:3   | Reached skill level 3 in Throwing
 15213 | Lair:3   | 15213 ||| SWAPPING to +0 demon whip of venom.
 15214 | Lair:3   | 15214 ||| Stepping ~*~*~tactically~*~*~ (outnumbered).
 15215 | Lair:3   | 15215 ||| Stepping ~*~*~tactically~*~*~ (outnumbered).
 15226 | Lair:3   | 15226 ||| Stepping ~*~*~tactically~*~*~ (outnumbered).
 15227 | Lair:3   | 15227 ||| SWAPPING to +11 war axe of Moral Flaws {vorpal,
                  | Dex+5}.
 15233 | Lair:3   | 15233 ||| SWAPPING to +0 demon whip of venom.
 15234 | Lair:3   | 15234 ||| Stepping ~*~*~tactically~*~*~ (outnumbered).
 15239 | Lair:3   | 15239 ||| Stepping ~*~*~tactically~*~*~ (outnumbered).
 15247 | Lair:3   | 15247 ||| SWAPPING to +11 war axe of Moral Flaws {vorpal,
                  | Dex+5}.
 15609 | Lair:3   | 15609 ||| Stepping ~*~*~tactically~*~*~ (stealth).
 15620 | Lair:3   | 15620 ||| INVOKING Heroism.
 15621 | Lair:3   | 15621 ||| INVOKING Finesse.
 15624 | Lair:3   | 15624 ||| SWAPPING to +0 demon whip of venom.
 15635 | Lair:3   | 15635 ||| SWAPPING to +11 war axe of Moral Flaws {vorpal,
                  | Dex+5}.
 15816 | Lair:4   | 15816 ||| INVOKING Heroism.
 15820 | Lair:4   | 15820 ||| STAIRDANCE
 15837 | Lair:4   | 15837 ||| INVOKING Heroism.
 15839 | Lair:4   | Reached skill level 3 in Dodging
 15859 | Lair:4   | 15859 ||| Stepping ~*~*~tactically~*~*~ (stealth).
 15861 | Lair:4   | 15861 ||| Stepping ~*~*~tactically~*~*~ (stealth).
 15862 | Lair:4   | 15862 ||| INVOKING Heroism.
 15878 | Lair:4   | 15878 ||| Stepping ~*~*~tactically~*~*~ (stealth).
 15879 | Lair:4   | 15879 ||| Stepping ~*~*~tactically~*~*~ (stealth).
 15997 | Lair:4   | 15997 ||| INVOKING Heroism.
 16009 | Lair:4   | Received a gift from Okawaru
 16087 | Lair:4   | 16087 ||| Stepping ~*~*~tactically~*~*~ (stealth).
 16096 | Lair:4   | 16096 ||| INVOKING Heroism.
 16099 | Lair:4   | Reached skill level 14 in Axes
 16213 | Lair:4   | 16213 ||| INVOKING Heroism.
 16322 | Lair:4   | Found a staircase to the Slime Pits.
 16323 | Lair:4   | Found a viscous altar of Jiyva.
 16379 | Lair:4   | Identified the +4 scimitar "Nuigew" {venom, +Blink rF-
                  | rCorr Str+7} (Okawaru gifted it to you on level 4 of the
                  | Lair of Beasts)
 16379 | Lair:4   | Received a gift from Okawaru
 16723 | Lair:5   | Entered Level 5 of the Lair of Beasts
 16724 | Lair:5   | 16724 ||| STAIRDANCE
 16863 | Lair:5   | 16863 ||| INVOKING Heroism.
 16902 | Lair:5   | 16902 ||| INVOKING Heroism.
 16905 | Lair:5   | 16905 ||| Stepping ~*~*~tactically~*~*~ (stealth).
 16927 | Lair:5   | 16927 ||| Stepping ~*~*~tactically~*~*~ (stealth).
 16928 | Lair:5   | 16928 ||| Stepping ~*~*~tactically~*~*~ (stealth).
 16974 | Lair:5   | 16974 ||| FLEEEEING.
 16975 | Lair:5   | 16975 ||| FLEEEEING.
 16977 | Lair:5   | 16977 ||| STAIRDANCE
 17024 | Lair:5   | 17024 ||| INVOKING Heroism.
 17025 | Lair:5   | 17025 ||| Stepping ~*~*~tactically~*~*~ (stealth).
 17033 | Lair:5   | Gained mutation: Your large and strong wings let you fly.
                  | [Gargoyle growth]
 17033 | Lair:5   | Reached XP level 14. HP: 83/90 MP: 19/21
 17084 | Lair:5   | 17084 ||| Stepping ~*~*~tactically~*~*~ (stealth).
 17086 | Lair:5   | 17086 ||| Stepping ~*~*~tactically~*~*~ (stealth).
 17087 | Lair:5   | 17087 ||| Stepping ~*~*~tactically~*~*~ (stealth).
 17093 | Lair:5   | 17093 ||| Stepping ~*~*~tactically~*~*~ (stealth).
 17118 | Lair:5   | 17118 ||| FLEEEEING.
 17119 | Lair:5   | 17119 ||| FLEEEEING.
 17187 | Lair:5   | 17187 ||| INVOKING Heroism.
 17204 | Lair:5   | HP: 18/90 [acid (9)]
 17205 | Lair:5   | 17205 ||| READING 4 scrolls of teleportation.
 17206 | Lair:5   | 17206 ||| DRINKING potion of heal wounds.
 17207 | Lair:5   | HP: 8/90 [goliath frog (14)]
 17207 | Lair:5   | Splashed by a goliath frog's acid

Levels and vault maps discovered:
D:1:      nzn_arrival_water_spiral, layout_basic, ebering_ecumenical_altar_hall
D:2:      layout_loops_cross
D:3:      kennysheep_goblin_castle, layout_basic, uniq_crazy_yiuf_cottage
D:4:      layout_basic, kennysheep_pointless_box, kennysheep_another_room
D:5:      layout_gridville, amcnicky_altar_gilded, dk_yredelemnul_ordeal,
          minmay_temple_entry_arrows
D:6:      layout_basic, slow_altar_1, mainiacjoe_overflow_24_doors,
          overflow_temple_1_default, chequers_serial_rivers_micro_c,
          nrook_mini_vaults, st_stairs_11
D:7:      layout_layer_cave
D:8:      layout_cave_pods, mainiacjoe_overflow_alcove_1, erik_lair_island
Temple:   nicolae_temple_bog_church
Lair:1:   layout_cellular_growth, nicolae_lair_liquid_snakes,
          infiniplex_staircase_pool_2, serial_bayou_shore_a, lemuel_fruit_tree
Lair:2:   layout_gridlike, chequers_serial_rivers_micro_a, beast_lair_carwin_10,
          lemuel_fruit_fields
Lair:3:   layout_misc_corridors, skrybe_swamp_entry_bodies,
          spider_nest_entry_webs, special_room [special_room_bee],
          grunt_megastairs_2, infiniplex_staircase_pool, uniq_kirke,
          uniq_amaemon
Lair:4:   layout_misc_corridors, minmay_slime_entry_pillars,
          nicolae_lair_lil_pond, grunt_forest_small_clearings,
          nicolae_lair_grove_arrangements
Lair:5:   minmay_lair_end_frog_pond, layout_layer_cave

Skill      XL: |  1  2  3  4  5  6  7  8  9 10 11 12 13 |
---------------+----------------------------------------+-----
Axes           | 2 3 4 5 6 7 8 9 11 12 13 14 | 14.5
Throwing       | 1 5 |  5.9
Fighting       | 4 6 7 8 9 10 11 | 11.0
Armour         | 4 6 8 9 10 | 10.1
Dodging        | 1 2 3 |  3.0
Invocations    | 4 7 10 | 10.0
Shields        | 4 5 6 7 |  7.0

Action                   |  1- 3 |  4- 6 |  7- 9 | 10-12 | 13-15 || total
-------------------------+-------+-------+-------+-------+-------++-------
Melee: War axe           |    90 |   185 |   261 |   604 |   229 ||  1369
       Demon whip        |       |       |       |       |    27 ||    27
       Morningstar       |       |       |       |       |     7 ||     7
Throw: Javelin           |       |    25 |    10 |       |    35 ||    70
       Boomerang         |       |     3 |    39 |    26 |       ||    68
Invok: Heroism           |       |       |     9 |    29 |    14 ||    52
       Finesse           |       |       |       |     1 |     3 ||     4
  Use: Scroll            |     4 |     4 |    10 |     4 |     1 ||    23
       Potion            |       |     1 |     3 |     1 |     1 ||     6
Armor: Scale mail        |    43 |    70 |       |       |       ||   113
       Chain mail        |       |    43 |     8 |       |       ||    51
       Plate armour      |       |       |   163 |   298 |   106 ||   567
Dodge: Dodged            |    43 |    99 |   119 |   148 |    56 ||   465
Block: Buckler           |    17 |    48 |    53 |   246 |   122 ||   486
       Reflection        |       |       |       |       |     1 ||     1

Table legend:
 A = Non-vault XP
 B = Vault XP
 C = Vault XP percentage of total XP
 D = Non-vault monster count
 E = Vault monster count
 F = Vault count percentage of total count
                 A         B        C        D         E       F
            +---------+---------+-------+---------+---------+-------
      Total |   39861 |   18082 |  31.2 |     321 |     109 |  25.3
            +---------+---------+-------+---------+---------+-------
        D:1 |      39 |       0 |   0.0 |      22 |       0 |   0.0
        D:2 |     105 |       0 |   0.0 |      29 |       0 |   0.0
        D:3 |      94 |      49 |  34.3 |      14 |      20 |  58.8
        D:4 |     382 |       0 |   0.0 |      27 |       0 |   0.0
        D:5 |    1042 |       0 |   0.0 |      25 |       0 |   0.0
        D:6 |     980 |     131 |  11.8 |      17 |       4 |  19.0
        D:7 |    1336 |       0 |   0.0 |      34 |       0 |   0.0
        D:8 |    1510 |     683 |  31.1 |      25 |       6 |  19.4
     Lair:1 |    7206 |     200 |   2.7 |      29 |       4 |  12.1
     Lair:2 |    4901 |    3379 |  40.8 |      20 |       9 |  31.0
     Lair:3 |   10042 |    8549 |  46.0 |      35 |      45 |  56.2
     Lair:4 |    7842 |    1058 |  11.9 |      30 |       4 |  11.8
     Lair:5 |    4382 |    4033 |  47.9 |      14 |      17 |  54.8
            +---------+---------+-------+---------+---------+-------
